 Seeded DCSS version 0.25-a0-287-g56a5b49 (webtiles) character file.

Game seed: 20191212, levelgen mode: deterministic

86 FruityBerryJuice the Skirmisher (level 4, -8/36 HPs)
             Began as a Draconian Berserker on Dec 12, 2019.
             Was a Follower of Trog.
             Mangled by Natasha (9 damage)
             ... on level 2 of the Dungeon.
             The game lasted 00:02:41 (585 turns).

FruityBerryJuice the Skirmisher (DrBe)               Turns: 585, Time: 00:02:44

Health: -8/36      AC:  5    Str: 21    XL:     4   Next: 26%
Magic:  4/4        EV: 13    Int:  7    God:    Trog [*.....]
Gold:   20         SH:  0    Dex: 10    Spells: 3/3 levels left

rFire    . . .     SeeInvis .   a - +0 mace
rCold    . . .     Gourm    .   (no shield)
rNeg     . . .     Faith    .   (armour unavailable)
rPois    .         Spirit   .   (helmet restricted)
rElec    .         Reflect  .   (no cloak)
rCorr    .         Harm     .   (no gloves)
MR       .....                  (no boots)
Stlth    +.........             (no amulet)
HPRegen  0.12/turn              (no ring)
MPRegen  0.09/turn              (no ring)

@: berserk cooldown, slowed, very slow
A: unfitting armour, fangs 1, talons 1, frail 1, cold-blooded, AC +5
a: Berserk, Renounce Religion


You were on level 2 of the Dungeon.
You worshipped Trog.
Trog was aware of your devotion.
You were hungry.

You visited 1 branch of the dungeon, and saw 2 of its levels.

You collected 20 gold pieces.

Inventory:

Hand Weapons
 a - a +0 mace (weapon)
 f - a +0 shortbow
Missiles
 g - 23 arrows
Scrolls
 d - 2 scrolls of amnesia {unknown}
Comestibles
 b - a ration


   Skills:
 + Level 4.0 Fighting
 + Level 3.9 Maces & Flails
 + Level 3.4 Dodging
 + Level 0.2 Stealth


You had 3 spell levels left.
You didn't know any spells.
Your spell library was empty.

Dungeon Overview and Level Annotations

Branches:
Dungeon (2/15)

Altars:

Annotations:
D:2 Natasha


Innate Abilities, Weirdness & Mutations

Your plain brown scales are hard. (AC +5)
You cannot fit into any form of body armour.
You are cold-blooded and may be slowed by cold attacks.
You have very sharp teeth.
You have sharp toenails.
You are frail. (-10% HP)


Message History

* * * LOW HITPOINT WARNING * * *
Natasha claws you.
* * * LOW HITPOINT WARNING * * *
As you read the scroll labeled CYNIEC IPERYFA, it crumbles to dust.
You feel blessed for a moment.
It was a scroll of remove curse.
The kobold barely misses you.
Natasha mumbles some strange words.
You feel troubled. Natasha claws you.
* * * LOW HITPOINT WARNING * * *
The kobold hits you with a +0 short sword.
* * * LOW HITPOINT WARNING * * *
It was a potion of mutation.
You feel extremely strange.
Your toenails lengthen and sharpen.
You feel frail.
Your teeth lengthen and sharpen.
Natasha barely misses you. The kobold hits you but does no damage.
Natasha howls an incantation.
You feel disoriented. Natasha claws you!
You die...

........#.....####.####
##.####.#(.#...........
........†..#..####.####
##..###....#...........
.............>.###.####
#.#..#.......... ... #.
#.....#)#...#.# #
#.(..##.###.#.#
#@..###.. ...#
#..Kh........
#...........
#....#.......
......#.#...[.
######.#.......
..#.#.##.. #.. ..


You could see Natasha and a kobold.

Vanquished Creatures
  A centaur (D:2)
  A ball python (D:1)
  2 hobgoblins
  3 jackals (D:1)
  A bat (D:1)
  2 goblins
10 creatures vanquished.

Notes
Turn   | Place    | Note
-------+----------+-------------------------------------------
     0 | D:1      | FruityBerryJuice the Draconian Berserker began the quest
                  | for the Orb.
     0 | D:1      | Reached XP level 1. HP: 19/19 MP: 1/1
   114 | D:1      | Reached XP level 2. HP: 14/26 MP: 2/2
   560 | D:2      | Noticed a centaur
   570 | D:2      | Killed a centaur
   570 | D:2      | Reached skill level 4 in Fighting
   570 | D:2      | Reached XP level 3. HP: 33/33 MP: 3/3
   570 | D:2      | Reached XP level 4. HP: 40/40 MP: 4/4
   579 | D:2      | Noticed Natasha
   584 | D:2      | HP: 1/40 [kobold/+0 short sword (6)]
   585 | D:2      | Gained mutation: You have sharp toenails. [potion of
                  | mutation]
   585 | D:2      | Gained mutation: You are frail. (-10% HP) [potion of
                  | mutation]
   585 | D:2      | Gained mutation: You have very sharp teeth. [potion of
                  | mutation]
   585 | D:2      | Mangled by Natasha

Levels and vault maps discovered:
D:1:      dpeg_arrival_triangle_fractal, layout_basic
D:2:      layout_basic, uniq_natasha

Skill      XL: |  1  2 |
---------------+-------+-----
Fighting       | 4 |  4.0
Dodging        | 3 |  3.4
Maces & Flails | |  3.9
Stealth        | |  0.2

Action                   |  1- 3 |  4- 6 || total
-------------------------+-------+-------++-------
Melee: Mace              |    19 |     4 ||    23
       Tailslap          |     1 |       ||     1
Invok: Berserk           |     2 |       ||     2
  Use: Scroll            |       |     1 ||     1
       Potion            |       |     1 ||     1
Armor: Skin              |     8 |     2 ||    10
Dodge: Dodged            |    27 |     5 ||    32

Table legend:
 A = Non-vault XP
 B = Vault XP
 C = Vault XP percentage of total XP
 D = Non-vault monster count
 E = Vault monster count
 F = Vault count percentage of total count
                 A         B        C        D         E       F
            +---------+---------+-------+---------+---------+-------
      Total |     123 |       0 |   0.0 |      10 |       0 |   0.0
            +---------+---------+-------+---------+---------+-------
        D:1 |      12 |       0 |   0.0 |       7 |       0 |   0.0
        D:2 |     111 |       0 |   0.0 |       3 |       0 |   0.0
            +---------+---------+-------+---------+---------+-------
